SAA
LONG ISLAND SEAWOLVES @ DURHAM RAPIERS
07/20/2032
 
TOP OF THE 1ST
Long Island Seawolves batting - Pitching for Durham Rapiers : RHP Cisco Pérez
Pitching: RHP Cisco Pérez
Batting: RHB Júlio Flores 0-0: Ball
1-0: Called Strike
1-1: Ball
2-1: Swinging Strike
2-2: Ball
3-2: Foul Ball, location: 2F
3-2: Foul Ball, location: 2F
3-2: Foul Ball, location: 2F
3-2: Strikes out swinging
Batting: RHB Bill Rinck 0-0: Called Strike
0-1: Ball
1-1: SINGLE (Line Drive, 9LS)
Batting: LHB Jackson Curry 0-0: Foul Ball, location: 2F
0-1: Ball
1-1: Swinging Strike
1-2: Fly out, F9 (Flyball, 9S)
Batting: RHB Dan Chrzan 0-0: Called Strike
0-1: Ball
Bill Rinck steals 2nd base
1-1: Swinging Strike
1-2: Ball
2-2: Strikes out looking
Top of the 1st over - 0 runs, 1 hit, 0 errors, 1 left on base; Long Island 0 - Durham 0
BOTTOM OF THE 1ST
Durham Rapiers batting - Pitching for Long Island Seawolves : RHP Floyd Cala
Pitching: RHP Floyd Cala
Batting: RHB Askari bin Idris 0-0: Called Strike
0-1: Ball
1-1: Swinging Strike
1-2: Fly out, F7 (Line Drive, 7LM)
Batting: RHB Qwuntrezz Knight 0-0: Called Strike
0-1: Ball
1-1: Fly out, F9 (Flyball, 9LM)
Batting: RHB Colby King 0-0: Called Strike
0-1: Ball
1-1: Ball
2-1: Ball
3-1: Called Strike
3-2: Ground out 5-3 (Groundball, 56)
Bottom of the 1st over - 0 runs, 0 hits, 0 errors, 0 left on base; Long Island 0 - Durham 0
TOP OF THE 2ND
Long Island Seawolves batting - Pitching for Durham Rapiers : RHP Cisco Pérez
Batting: SHB Alfredo Sánchez 0-0: Swinging Strike
0-1: Foul Ball, location: 2F
0-2: Fly out, F8 (Flyball, 8LM)
Batting: RHB Jesús Quintana 0-0: Ball
1-0: Swinging Strike
1-1: Foul Ball, location: 2F
1-2: Foul Ball, location: 2F
1-2: Hit by Pitch
Batting: RHB Albert Covington 0-0: Called Strike
0-1: Ball
Jesús Quintana steals 2nd base
1-1: Ball
2-1: Called Strike
2-2: Strikes out swinging
Batting: RHB Bryant Skelly 0-0: Called Strike
0-1: Ball
1-1: Fly out, F5 (Popup, 5)
Top of the 2nd over - 0 runs, 0 hits, 0 errors, 1 left on base; Long Island 0 - Durham 0
BOTTOM OF THE 2ND
Durham Rapiers batting - Pitching for Long Island Seawolves : RHP Floyd Cala
Batting: LHB Alberto Garza 0-0: Ball
1-0: SINGLE (Line Drive, 56D)
Batting: RHB Mun-wah Law 0-0: Ball
Alberto Garza steals 2nd base
1-0: Called Strike
1-1: Ball
2-1: Foul Ball, location: 2F
2-2: Ball
3-2: Strikes out swinging
Batting: LHB Dante Aristizabal 0-0: Called Strike
Alberto Garza steals 3rd base
0-1: Ball
1-1: Called Strike
1-2: SINGLE (Flyball, 4MD) - OUT at second base trying to stretch hit.
Alberto Garza scores
Batting: RHB Guillermo Mata 0-0: Swinging Strike
0-1: Ball
1-1: Foul Ball, location: 2F
1-2: DOUBLE (Line Drive, 7LD)
Batting: RHB Tomás Costello 0-0: Ball
1-0: Ball
2-0: Ball
3-0: Called Strike
3-1: Swinging Strike
3-2: Foul Ball, location: 2F
3-2: Fly out, F3 (Line Drive, 3)
Bottom of the 2nd over - 1 run, 3 hits, 0 errors, 1 left on base; Long Island 0 - Durham 1
TOP OF THE 3RD
Long Island Seawolves batting - Pitching for Durham Rapiers : RHP Cisco Pérez
Batting: RHB DeAndre Thomas 0-0: Foul Ball, location: 2F
0-1: Ball
1-1: Foul Ball, location: 2F
1-2: Strikes out swinging
Batting: RHB Júlio Flores 0-0: Ball
1-0: Swinging Strike
1-1: Foul Ball, location: 2F
1-2: Ball
2-2: Ball
3-2: Foul Ball, location: 2F
3-2: Base on Balls
Batting: RHB Bill Rinck 0-0: Called Strike
0-1: Foul Ball, location: 2F
0-2: Foul Ball, location: 2F
0-2: SINGLE (Groundball, 34) (infield hit)
Júlio Flores to second
Batting: LHB Jackson Curry 0-0: Ball
Júlio Flores steals 3rd base
Bill Rinck to second
1-0: Called Strike
1-1: Ball
2-1: Called Strike
2-2: Foul Ball, location: 2F
2-2: SINGLE (Line Drive, 3L)
Júlio Flores scores
Bill Rinck to third
Batting: RHB Dan Chrzan 0-0: Ball
1-0: Called Strike
1-1: Foul Ball, location: 2F
1-2: Foul Ball, location: 2F
1-2: Strikes out looking
Batting: SHB Alfredo Sánchez 0-0: Ball
1-0: Called Strike
1-1: Called Strike
1-2: SINGLE (Line Drive, 56D)
Bill Rinck scores
Jackson Curry to second
Batting: RHB Jesús Quintana 0-0: Called Strike
0-1: Ball
1-1: Called Strike
1-2: Ball
2-2: Foul Ball, location: 2F
2-2: Fielders Choice at 2nd, 6-4 (Groundball, 6)
Top of the 3rd over - 2 runs, 3 hits, 0 errors, 2 left on base; Long Island 2 - Durham 1
BOTTOM OF THE 3RD
Durham Rapiers batting - Pitching for Long Island Seawolves : RHP Floyd Cala
Batting: RHB Keiran Calleson 0-0: Ball
1-0: Swinging Strike
1-1: Fly out, F6 (Popup, 6M)
Batting: RHB Askari bin Idris 0-0: Ball
1-0: Ball
2-0: Ball
3-0: Base on Balls
Batting: RHB Qwuntrezz Knight 0-0: SINGLE (Line Drive, 56D)
Askari bin Idris to second
Batting: RHB Colby King 0-0: Foul Ball, location: 2F
0-1: Foul Ball, location: 2F
0-2: Foul Ball, location: 2F
0-2: Ball
1-2: Ball
2-2: Foul Ball, location: 2F
2-2: Ball
3-2: Foul Ball, location: 2F
3-2: Grounds into double play, 6-4-3 (Groundball, 6)
Bottom of the 3rd over - 0 runs, 1 hit, 0 errors, 1 left on base; Long Island 2 - Durham 1
TOP OF THE 4TH
Long Island Seawolves batting - Pitching for Durham Rapiers : RHP Cisco Pérez
Batting: RHB Albert Covington 0-0: Called Strike
0-1: Called Strike
0-2: Ball
1-2: Ball
2-2: Foul Ball, location: 2F
2-2: Ball
3-2: DOUBLE (Groundball, 5L)
Batting: RHB Bryant Skelly 0-0: Swinging Strike
0-1: Ground out 6-3 (Groundball, 56)
Batting: RHB DeAndre Thomas 0-0: Foul Ball, location: 2F
0-1: Ball
1-1: Ground out 2-3 (Groundball, 2R)
Albert Covington to third
Batting: RHB Júlio Flores 0-0: Ball
1-0: Ball
2-0: Ground out 6-3 (Groundball, 6)
Top of the 4th over - 0 runs, 1 hit, 0 errors, 1 left on base; Long Island 2 - Durham 1
BOTTOM OF THE 4TH
Durham Rapiers batting - Pitching for Long Island Seawolves : RHP Floyd Cala
Batting: LHB Alberto Garza 0-0: Called Strike
0-1: Ball
1-1: Ball
2-1: Ball
3-1: Foul Ball, location: 2F
3-2: Base on Balls
Batting: RHB Mun-wah Law 0-0: Called Strike
0-1: Fly out, F8 (Flyball, 8RS)
Batting: LHB Dante Aristizabal 0-0: Called Strike
0-1: Foul Ball, location: 2F
0-2: Ball
1-2: Strikes out swinging
Batting: RHB Guillermo Mata 0-0: SINGLE (Line Drive, 3D)
Alberto Garza to second
Runner from 2nd tries for 3rd, SAFE, no throw
Batting: RHB Tomás Costello 0-0: Called Strike
0-1: Foul Ball, location: 2F
0-2: Fielders Choice at 2nd, 5-4 (Groundball, 5)
Bottom of the 4th over - 0 runs, 1 hit, 0 errors, 2 left on base; Long Island 2 - Durham 1
TOP OF THE 5TH
Long Island Seawolves batting - Pitching for Durham Rapiers : RHP Cisco Pérez
Batting: RHB Bill Rinck 0-0: Ball
1-0: Foul Ball, location: 2F
1-1: Swinging Strike
1-2: Foul Ball, location: 2F
1-2: SINGLE (Line Drive, 3)
Batting: LHB Jackson Curry 0-0: Called Strike
0-1: Foul Ball, location: 2F
0-2: Foul Ball, location: 2F
0-2: Ball
Bill Rinck steals 2nd base
1-2: Ball
2-2: Ball
3-2: Strikes out swinging
Pitching: RHP Ángel Roldán
Batting: RHB Dan Chrzan 0-0: Fly out, F7 (Line Drive, 7)
Batting: SHB Alfredo Sánchez 0-0: Foul Ball, location: 2F
0-1: Foul Ball, location: 2F
0-2: SINGLE (Line Drive, 4M)
Bill Rinck to third
Runner from 3rd tries for Home, SAFE, no throw
Batting: RHB Jesús Quintana 0-0: Called Strike
0-1: Foul Ball, location: 2F
0-2: Foul Ball, location: 2F
0-2: Ball
1-2: Ball
2-2: Strikes out looking
Top of the 5th over - 1 run, 2 hits, 0 errors, 1 left on base; Long Island 3 - Durham 1
BOTTOM OF THE 5TH
Durham Rapiers batting - Pitching for Long Island Seawolves : RHP Floyd Cala
Batting: RHB Keiran Calleson 0-0: Called Strike
0-1: Swinging Strike
0-2: Ball
1-2: Strikes out swinging
Batting: RHB Askari bin Idris 0-0: Ball
1-0: Called Strike
1-1: Ball
2-1: Ball
3-1: SOLO HOME RUN (Flyball, 7LD), Distance : 364 ft
Batting: RHB Qwuntrezz Knight 0-0: Called Strike
0-1: Called Strike
0-2: Ball
1-2: Foul Ball, location: 2F
1-2: Foul Ball, location: 2F
1-2: Ball
2-2: Ball
3-2: Base on Balls
Batting: RHB Colby King 0-0: Fly out, F7 (Flyball, 78S)
Batting: LHB Alberto Garza 0-0: Called Strike
0-1: Fly out, F7 (Flyball, 7)
Bottom of the 5th over - 1 run, 1 hit, 0 errors, 1 left on base; Long Island 3 - Durham 2
TOP OF THE 6TH
Long Island Seawolves batting - Pitching for Durham Rapiers : RHP Ángel Roldán
Batting: RHB Albert Covington 0-0: Called Strike
0-1: Called Strike
0-2: Ball
1-2: Strikes out swinging
Batting: RHB Bryant Skelly 0-0: Ball
1-0: Ball
2-0: Fly out, F8 (Flyball, 8LD)
Batting: RHB DeAndre Thomas 0-0: Ball
1-0: Called Strike
1-1: DOUBLE (Line Drive, 78D)
Batting: RHB Júlio Flores 0-0: Ball
1-0: Ball
2-0: Foul Ball, location: 2F
2-1: Foul Ball, location: 2F
2-2: Ball
3-2: Foul Ball, location: 2F
3-2: Foul Ball, location: 2F
3-2: Base on Balls
Batting: RHB Bill Rinck 0-0: Fielders Choice at 2nd, 5-4 (Groundball, 5)
Top of the 6th over - 0 runs, 1 hit, 0 errors, 2 left on base; Long Island 3 - Durham 2
BOTTOM OF THE 6TH
Durham Rapiers batting - Pitching for Long Island Seawolves : RHP Floyd Cala
Batting: RHB Mun-wah Law 0-0: Ground out 4-3 (Groundball, 4)
Batting: LHB Dante Aristizabal 0-0: Foul Ball, location: 2F
0-1: Called Strike
0-2: Ball
1-2: Ball
2-2: Strikes out swinging
Batting: RHB Guillermo Mata 0-0: Ball
1-0: Fly out, F5 (Flyball, 5D)
Bottom of the 6th over - 0 runs, 0 hits, 0 errors, 0 left on base; Long Island 3 - Durham 2
TOP OF THE 7TH
Long Island Seawolves batting - Pitching for Durham Rapiers : RHP Ángel Roldán
Batting: LHB Jackson Curry 0-0: Foul Ball, location: 2F
0-1: Ball
1-1: Swinging Strike
1-2: Ground out 5-3 (Groundball, 56)
Batting: RHB Dan Chrzan 0-0: Fly out, F9 (Flyball, 9)
Batting: SHB Alfredo Sánchez 0-0: Ball
1-0: Called Strike
1-1: SOLO HOME RUN (Flyball, 7D), Distance : 396 ft
Batting: RHB Jesús Quintana 0-0: SINGLE (Groundball, 34D)
Batting: RHB Albert Covington 0-0: Ball
1-0: Ball
Jesús Quintana steals 2nd base
2-0: Ball
3-0: Base on Balls
Pinch Hitting: LHB Pedro Colón 0-0: Swinging Strike
0-1: Ball
1-1: Foul Ball, location: 2F
1-2: Ball
2-2: Ball
3-2: Base on Balls
Jesús Quintana to third
Albert Covington to second
Batting: RHB DeAndre Thomas 0-0: Ball
1-0: Foul Ball, location: 2F
1-1: Ground out 6-3 (Groundball, 6M)
Top of the 7th over - 1 run, 2 hits, 0 errors, 3 left on base; Long Island 4 - Durham 2
BOTTOM OF THE 7TH
Durham Rapiers batting - Pitching for Long Island Seawolves : RHP Floyd Cala
Now in LF: Ramón Valdéz
Batting: RHB Tomás Costello 0-0: Called Strike
0-1: Foul Ball, location: 2F
0-2: Ball
1-2: Fly out, F8 (Flyball, 8RD)
Batting: RHB Keiran Calleson 0-0: Ball
1-0: Ball
2-0: Foul Ball, location: 2F
2-1: Ball
3-1: TRIPLE (Line Drive, 8RXD)
Pitching: RHP Fernando Júlio
Batting: RHB Askari bin Idris 0-0: Ball
1-0: Ball
2-0: TRIPLE (Groundball, 5L)
Keiran Calleson scores
Batting: RHB Qwuntrezz Knight 0-0: Foul Ball, location: 2F
0-1: Foul Ball, location: 2F
0-2: Strikes out swinging
Batting: RHB Colby King 0-0: Ball
1-0: Called Strike
1-1: Ground out 4-3 (Groundball, 34)
Bottom of the 7th over - 1 run, 2 hits, 0 errors, 1 left on base; Long Island 4 - Durham 3
TOP OF THE 8TH
Long Island Seawolves batting - Pitching for Durham Rapiers : RHP Ángel Roldán
Batting: RHB Júlio Flores 0-0: Foul Ball, location: 2F
0-1: Swinging Strike
0-2: Foul Ball, location: 2F
0-2: Ball
1-2: Ball
2-2: Fly out, F8 (Flyball, 89M)
Batting: RHB Bill Rinck 0-0: Ball
1-0: Foul Ball, location: 2F
1-1: Foul Ball, location: 2F
1-2: Ball
2-2: Ground out 4-3 (Groundball, 4)
Batting: LHB Jackson Curry 0-0: Ball
1-0: Foul Ball, location: 2F
1-1: Foul Ball, location: 2F
1-2: SINGLE (Line Drive, 3S)
Pitching: RHP José Morales
Batting: RHB Dan Chrzan 0-0: Ball
1-0: Ball
2-0: Ball
Jackson Curry steals 2nd base
3-0: Called Strike
3-1: Swinging Strike
3-2: Strikes out looking
Top of the 8th over - 0 runs, 1 hit, 0 errors, 1 left on base; Long Island 4 - Durham 3
BOTTOM OF THE 8TH
Durham Rapiers batting - Pitching for Long Island Seawolves : RHP Fernando Júlio
Batting: LHB Alberto Garza 0-0: Called Strike
0-1: SINGLE (Groundball, 56D)
Batting: RHB Mun-wah Law 0-0: Called Strike
0-1: Ball
1-1: Foul Ball, location: 2F
1-2: Ball
2-2: Reached on error, E3 (Groundball, 3)
Alberto Garza to second
Pitching: LHP José González
Pinch Hitting: RHB Mason Congdon 0-0: Called Strike
0-1: Ball
1-1: Ball
2-1: Foul Ball, location: 2F
2-2: Ball
3-2: Foul Ball, location: 2F
3-2: Foul Ball, location: 2F
3-2: Strikes out swinging
Batting: RHB Guillermo Mata 0-0: Ball
1-0: Ball
2-0: Foul Ball, location: 2F
2-1: Ball
3-1: Called Strike
3-2: Strikes out swinging
Batting: RHB Tomás Costello 0-0: Called Strike
0-1: DOUBLE (Line Drive, 7LM)
Alberto Garza scores
Mun-wah Law to third
Runner from 3rd tries for Home, SAFE, no throw
Batting: RHB Keiran Calleson 0-0: Foul Ball, location: 2F
0-1: SINGLE (Groundball, 56) (infield hit)
Tomás Costello to third
Batting: RHB Askari bin Idris 0-0: Swinging Strike
0-1: Called Strike
0-2: Ball
1-2: Ball
2-2: Foul Ball, location: 2F
2-2: Ball
3-2: Foul Ball, location: 2F
3-2: Base on Balls
Keiran Calleson to second
Batting: RHB Qwuntrezz Knight 0-0: Ball
1-0: Ground out 1-3 (Groundball, 13)
Bottom of the 8th over - 2 runs, 3 hits, 1 error, 3 left on base; Long Island 4 - Durham 5
TOP OF THE 9TH
Long Island Seawolves batting - Pitching for Durham Rapiers : RHP José Morales
Pitching: RHP Arturo Durán
Now in LF: Terry Loyd
Batting: SHB Alfredo Sánchez 0-0: Ball
1-0: Foul Ball, location: 2F
1-1: SINGLE (Groundball, 6D)
Pinch Hitting: LHB Roberto Valle 0-0: Ball
1-0: Sac Bunt - play at first, batter OUT! 3-4
Alfredo Sánchez to second
Batting: RHB Albert Covington 0-0: Called Strike
0-1: Foul Ball, location: 2F
0-2: Foul Ball, location: 2F
0-2: Ball
1-2: Foul Ball, location: 2F
1-2: Ball
2-2: Ball
3-2: Foul Ball, location: 2F
3-2: Base on Balls
Pinch Runner at 2nd Andrés Aguilar:
Batting: RHB Ramón Valdéz 0-0: Foul Ball, location: 2F
0-1: Foul Ball, location: 2F
0-2: Strikes out swinging
Batting: RHB DeAndre Thomas 0-0: Ball
1-0: Ball
2-0: Foul Ball, location: 2F
2-1: Called Strike
2-2: Ball
3-2: Base on Balls
Andrés Aguilar to third
Albert Covington to second
Batting: RHB Júlio Flores 0-0: Called Strike
0-1: Called Strike
0-2: Strikes out swinging
Top of the 9th over - 0 runs, 1 hit, 0 errors, 3 left on base; Long Island 4 - Durham 5
Wednesday, September 19th, 2018 - OOTP Baseball 18.8 Build 76